 Dungeon Crawl Stone Soup version 0.29.0-10-g45618ea6d2 (webtiles) character file.

Game seed: 14082866783814649716

30 browni3141 the Trooper (level 3, -1/39 HPs)
             Began as an Ogre Enchanter on Sept 1, 2022.
             Succumbed to a kobold's poison
             ... on level 1 of the Dungeon.
             The game lasted 00:01:53 (1399 turns).

browni3141 the Trooper (Ogre Enchanter)             Turns: 1399, Time: 00:01:54

Health: -1/39      AC:  3    Str: 14    XL:     3   Next: 20%
Magic:  6/6        EV:  9    Int: 16    God:
Gold:   10         SH:  0    Dex:  9    Spells: 6/6 levels left

rFire   . . .      SeeInvis .   i - +0 whip
rCold   . . .      Faith    .   (no shield)
rNeg    . . .      Spirit   .   b - +0 robe
rPois   .          Reflect  .   (helmet restricted)
rElec   .          Harm     .   (no cloak)
rCorr   .          Rampage  .   (gloves unavailable)
Will    .....                   (boots unavailable)
Stlth   ++........              (no amulet)
HPRegen 0.13/turn               (no ring)
MPRegen 0.10/turn               (no ring)

@: lethally poisoned (-1 -> -10)
A: large, unfitting armour, tough skin 1
a: no special abilities


You were on level 1 of the Dungeon.
You visited 1 branch of the dungeon, and saw 1 of its levels.

You collected 10 gold pieces.


Innate Abilities, Weirdness & Mutations

You are too large for most types of armour.
You have tough skin. (AC +1)


   Skills:
 * Level 3.7 Fighting
 - Level 0.8 Short Blades
 - Level 1.7 Dodging
 - Level 2.1 Stealth
 - Level 2.4 Spellcasting
 - Level 2.6 Hexes


You had 6 spell levels left.
You didn't know any spells.
Your spell library contained the following spells:

 Spells                   Type           Power      Damage    Failure   Level
 Ensorcelled Hibernation  Hex/Ice        12%        N/A       17%         2
 Confusing Touch          Hex            10%        N/A       21%         3
 Tukima's Dance           Hex            10%        N/A       21%         3
 Dazzling Flash           Conj/Hex       12%        N/A       34%         3

Inventory:

Hand Weapons
 a - a +1 dagger
 h - a +0 club
 i - a +0 whip (weapon)
Missiles
 e - 7 stones (quivered) {@f1}
 g - 5 large rocks
Armour
 b - a +0 robe (worn)
Scrolls
 d - a scroll of enchant armour {unknown}
 f - a scroll of amnesia {unknown}
 j - a scroll of fear {unknown}
Potions
 c - 2 potions of invisibility

Dungeon Overview and Level Annotations

Branches:
Dungeon (1/15)

Altars:

#..........#
#†##########
#######.#
......[.#
######.)# #..#
#..#
#...##########
..........@..#
##.#.########.#
#. ## #.# ## ..
#)# .##### #.#
.....# #.#
.###.# #.# .#
#.#.# #.#
.###.#.# #.#


There were no monsters in sight!


Message History

The kobold closely misses you.
You closely miss the kobold.
You feel sick.
The kobold hits you with a +1 dagger of venom.
You are more poisoned.
You miss the kobold.
You feel very sick. The kobold hits you but does no damage.
You are more poisoned.
You closely miss the kobold.
You feel very sick. The kobold hits you but does no damage.
You are lethally poisoned!
You hit the kobold.
You kill the kobold!
* * * LOW HITPOINT WARNING * * *
You feel extremely sick.
You are too injured to fight recklessly!
* * * LOW HITPOINT WARNING * * *
You feel very sick.
Things that are here:
a +1 dagger of venom; a stone {@f1}; a kobold corpse
Okay, then.
Okay, then.
* * * LOW HITPOINT WARNING * * *
You feel very sick.
* * * LOW HITPOINT WARNING * * *
You feel very sick.
* * * LOW HITPOINT WARNING * * *
You feel sick.
You die...

Skill      XL: |  1  2 |
---------------+-------+-----
Fighting       | 2 3 |  3.7
Short Blades   | |  0.8
Dodging        | |  1.7
Stealth        | |  2.1
Spellcasting   | |  2.4
Hexes          | |  2.6

Action                   || total
-------------------------++-------
Melee: Dagger            ||    82
       Club              ||    38
       Whip              ||    31
       Punch             ||     4
Throw: Stone             ||     2
 Stab: Sleeping          ||     2
Armor: Robe              ||    51
Dodge: Dodged            ||    68

Levels and vault maps discovered:
D:1:      psy_arrival_conway, layout_loops_ring, st_stairs_9

Notes
Turn   | Place    | Note
-------+----------+-------------------------------------------
     0 | D:1      | browni3141 the Ogre Enchanter began the quest for the Orb.
     0 | D:1      | Reached XP level 1. HP: 16/16 MP: 3/3
   104 | D:1      | Reached skill level 1 in Fighting
   243 | D:1      | Reached skill level 2 in Fighting
   365 | D:1      | Reached XP level 2. HP: 21/28 MP: 5/5
   945 | D:1      | Reached skill level 3 in Fighting
  1208 | D:1      | Reached XP level 3. HP: 37/37 MP: 6/6
  1397 | D:1      | HP: 3/39 [poisoned by a kobold]
  1398 | D:1      | HP: 1/39 [poisoned by a kobold]
  1399 | D:1      | Succumbed to a kobold's poison

Vanquished Creatures
  A dart slug (D:1)
  4 endoplasms (D:1)
  A giant cockroach (D:1)
  3 hobgoblins (D:1)
  3 jackals (D:1)
  A ball python (D:1)
  3 frilled lizards (D:1)
  4 goblins (D:1)
  4 kobolds (D:1)
  3 rats (D:1)
27 creatures vanquished.

Table legend: (Time is in decaauts)
 A = Elapsed time spent in this place.
 B = Non-inter-level travel time spent in this place.
 C = Inter-level travel time spent in this place.
 D = Time resting spent in this place.
 E = Time spent auto-exploring this place.
 F = Levels seen in this place.
 G = Mean time per level.
                   A        B        C        D        E       F      G
               +--------+--------+--------+--------+--------+-----+--------+
         Total |   1411 |   1374 |     37 |    255 |    696 |   1 | 1411.0 |
       Dungeon |   1411 |   1374 |     37 |    255 |    696 |   1 | 1411.0 |
               +--------+--------+--------+--------+--------+-----+--------+

Top non-repeatable levels by time:
     D:1: 1411 daAuts

Table legend:
 A = Non-vault XP
 B = Vault XP
 C = Vault XP percentage of total XP
 D = Non-vault monster count
 E = Vault monster count
 F = Vault count percentage of total count
                 A         B        C        D         E       F
            +---------+---------+-------+---------+---------+-------
      Total |      41 |       3 |   6.8 |      25 |       2 |   7.4
            +---------+---------+-------+---------+---------+-------
        D:1 |      41 |       3 |   6.8 |      25 |       2 |   7.4
            +---------+---------+-------+---------+---------+-------
